 Dungeon Crawl Stone Soup version 0.27.0-66-gdc8fb28755 (webtiles) character file.

Game seed: 16689397753979225458

62 loansindi the Conjurer (level 3, -1/26 HPs)
             Began as a Draconian Conjurer on Aug 19, 2021.
             Succumbed to a scorpion's poison
             ... on level 3 of the Dungeon.
             The game lasted 00:03:41 (2964 turns).

loansindi the Conjurer (Draconian Conjurer)         Turns: 2964, Time: 00:03:42

Health: -1/26      AC:  5    Str:  9    XL:     3   Next: 85%
Magic:  4/6        EV: 12    Int: 19    God:
Gold:   92         SH:  0    Dex:  9    Spells: 3/6 levels left

rFire    . . .     SeeInvis .   c - +0 short sword
rCold    . . .     Faith    .   (no shield)
rNeg     + . .     Spirit   .   (armour unavailable)
rPois    .         Reflect  .   (helmet restricted)
rElec    .         Harm     .   (no cloak)
rCorr    .         Rampage  .   (no gloves)
Will     .....                  (no boots)
Stlth    ++........             (no amulet)
HPRegen  0.08/turn              b - ring of positive energy
MPRegen  0.10/turn              (no ring)

@: lethally poisoned (-1 -> -25)
A: AC +5, unfitting armour, cold-blooded
a: no special abilities


You were on level 3 of the Dungeon.
You visited 1 branch of the dungeon, and saw 3 of its levels.

You collected 92 gold pieces.

Inventory:

Hand Weapons
 c - a +0 short sword (weapon)
Jewellery
 b - a ring of positive energy (left hand)
Scrolls
 a - a scroll of blinking {unknown}
 f - a scroll of silence {unknown}
 g - a scroll of enchant weapon {unknown}
 j - a scroll of magic mapping {unknown}
 k - a scroll of identify {unknown}
Potions
 d - a potion of curing {unknown}
 e - 2 potions of mutation {unknown}
 h - a potion of ambrosia {unknown}
 i - 2 potions of brilliance {unknown}


   Skills:
 + Level 0.3 Fighting
 + Level 0.4 Short Blades
 + Level 2.0 Dodging
 + Level 2.1 Stealth
 + Level 2.4 Spellcasting
 + Level 4.8 Conjurations


You had 3 spell levels left.
You knew the following spells:

 Your Spells              Type           Power      Damage    Failure   Level
a - Magic Dart            Conj           80%        1d7       2%          1
b - Searing Ray           Conj           40%        3d4       3%          2

Your spell library contained the following spells:

 Spells                   Type           Power      Damage    Failure   Level
 Foxfire                  Conj/Fire      44%        2x1d6     6%          1
 Conjure Flame            Conj/Fire      11%        6-21      19%         3
 Dazzling Flash           Conj/Hex       22%        N/A       19%         3
 Inner Flame              Hex/Fire       2%         N/A       43%         3
 Fulminant Prism          Conj/Hex       5%         3d7       52%         4
 Iskenderun's Mystic Bla  Conj/Tloc      11%        2d4       52%         4


Dungeon Overview and Level Annotations

Branches:
Dungeon (3/15)

Altars:


Innate Abilities, Weirdness & Mutations

Your plain brown scales are hard. (AC +5)
You cannot fit into any form of body armour.
You are cold-blooded and may be slowed by cold attacks.


Message History

There is a stone staircase leading up here.
You now have 92 gold pieces (gained 10).
A bat comes into view.
The magic dart hits the bat.
You kill the bat!
Magic restored.
There is a fountain of sparkling water here.
There is a fountain of clear blue water here.
A dart slug comes into view.
The magic dart hits the dart slug.
The dart slug is lightly wounded.
The magic dart hits the dart slug.
The dart slug is heavily wounded.
The magic dart hits the dart slug.
The dart slug is severely wounded.
The magic dart hits the dart slug.
You kill the dart slug!
There is a fountain of sparkling water here.
You open the door.
There is an open door here.
You open the door.
A frilled lizard and a scorpion come into view.
The magic dart hits the scorpion but does no damage.
The magic dart hits the scorpion but does no damage.
The scorpion stings you. x2
You are poisoned.
The scorpion poisons you!
You barely miss the scorpion.
You feel very sick. The scorpion closely misses you.
You barely miss the scorpion.
You feel sick. The scorpion stings you.
You are lethally poisoned!
The scorpion poisons you!
* * * LOW HITPOINT WARNING * * *
You feel very sick. The scorpion stings you.
* * * LOW HITPOINT WARNING * * *
You are more poisoned.
The scorpion poisons you!
You die...

#. ####.#
#.# #.# +.#
#.# #.# #.#
#.# ###.#
#.## ##.#.#
#..####....#
#..'.......#
##
#@.####....#
##..#.##
##.#.#
#...s.#
###.#
#....#.# #.#
#..l..#.#
#.# .....
#.# #.#
....# #.#
#+## #.# ..#


You could see a scorpion.

Vanquished Creatures
  An adder (D:2)
  2 dart slugs
  5 ball pythons
  5 endoplasms
  5 goblins
  4 hobgoblins
  3 jackals
  3 kobolds
  2 quokkas (D:1)
  6 bats
  2 frilled lizards (D:1)
  4 rats
42 creatures vanquished.

Notes
Turn   | Place    | Note
-------+----------+-------------------------------------------
     0 | D:1      | loansindi the Draconian Conjurer began the quest for the
                  | Orb.
     0 | D:1      | Reached XP level 1. HP: 14/14 MP: 3/3
   418 | D:1      | Reached XP level 2. HP: 20/20 MP: 1/5
   654 | D:1      | Found a faded altar of an unknown god.
  1316 | D:2      | Learned a level 2 spell: Searing Ray
  1350 | D:2      | Reached XP level 3. HP: 12/26 MP: 2/6
  2958 | D:3      | Noticed a scorpion
  2964 | D:3      | Succumbed to a scorpion's poison

Illustrated notes

Levels and vault maps discovered:
D:1:      giann_wishing_wells, layout_loops_ring,
          hellmonk_ecumenical_altar_heavens_door, hangedman_feature_mirror
D:2:      layout_basic, uniq_crazy_yiuf_cottage
D:3:      layout_loops_corners, mainiacjoe_overflow_24_doors,
          mainiacjoe_overflow_catwalk, st_stairs_3, grunt_ministairs_9,
          roderic_lattice_a, grunt_decor_mini_mirrors, minmay_quadrilaterals,
          uniq_grinder

Skill      XL: |  1  2  3 |
---------------+----------+-----
Stealth        | 2 |  2.1
Dodging        | 2 |  2.0
Fighting       | |  0.3
Short Blades   | |  0.4
Spellcasting   | |  2.4
Conjurations   | |  4.8

Action                   || total
-------------------------++-------
Melee: Unarmed           ||    18
       Tailslap          ||     2
       Short sword       ||    21
 Cast: Magic Dart        ||    85
Armor: Skin              ||    11
Dodge: Dodged            ||    25
